 Dungeon Crawl Stone Soup version 0.30.0-5-g1a98f26d00 (webtiles) character file.

Game seed: 13996696634118888787

13942 jimonade the Slicer (level 11, -7/87 HPs)
             Began as a Demonspawn Monk on May 11, 2023.
             Was an Elder of Qazlal.
             Mangled by a skyshark (21 damage)
             ... on level 2 of the Lair of Beasts.
             The game lasted 00:42:13 (12941 turns).

jimonade the Slicer (Demonspawn Monk)              Turns: 12941, Time: 00:42:13

Health: -7/87      AC: 15    Str: 19    XL:     11   Next: 82%
Magic:  11/11      EV: 15    Int: 16    God:    Qazlal [****..]
Gold:   509        SH:  9    Dex: 20    Spells: 10/10 levels left

rFire   . . .        g - +11 halberd "Hydrabane" {speed, rN+ Str+5 Dex+3}
rCold   . . .        (shield currently unavailable)
rNeg    + + .        z - +3 ring mail {rPois}
rPois   +            (helmet restricted)
rElec   .            W - +0 cloak
rCorr   .            A - +0 pair of gloves
SInv    .            n - +1 pair of boots {rampage}
Will    .....        B - amulet of regeneration
Stlth   +            t - ring of positive energy
HPRegen 1.14/turn    (no ring)
MPRegen 0.12/turn

%: repel missiles, rampage
@: studying Armour
A: horns 1, powered by pain 2, big brain 2, condensation shield
a: Renounce Religion, Upheaval, Elemental Force


You were on level 2 of the Lair of Beasts.
You worshipped Qazlal.
Qazlal was greatly pleased with you.
You visited 2 branches of the dungeon, and saw 13 of its levels.
You also visited: Gauntlet.

You collected 509 gold pieces.

Inventory:

Hand Weapons
 a - a +2 rapier of flaming
 g - the +11 halberd "Hydrabane" (weapon) {speed, rN+ Str+5 Dex+3}
   (You took it off a minotaur in a Gauntlet)

   Str:       It affects your strength (+5).
   Dex:       It affects your dexterity (+3).
   rN:        It protects you from negative energy.
 N - a +0 dagger of venom
 Z - a +1 glaive of flaming
Missiles
 J - 24 poisoned darts
 U - a curare-tipped dart (quivered)
Armour
 d - an orb of light
 k - a +0 kite shield
 m - +0 acid dragon scales
 n - a +1 pair of boots of rampaging (worn)
 r - a scarf of invisibility
 z - a +3 ring mail of poison resistance (worn)
 A - a +0 pair of gloves (worn)
 M - a +2 plate armour of cold resistance
 W - a +0 cloak (worn)
Magical Staves
 F - the staff of conjuration "Muedghycy" {Fly rElec Str-5}
   (You found it in a Gauntlet)

   [staff of conjuration]

   Base accuracy: +5 Base damage: 5 Base attack delay: 1.2 This weapon's minimum
   attack delay (0.6) is reached at skill level 12.
   Str:       It affects your strength (-5).
   rElec:     It insulates you from electricity.
   Fly:       It grants you flight.
   It falls into the 'Staves' category.
   It is a one-handed weapon.
Jewellery
 f - an amulet of faith
 l - a ring of fire
 q - an amulet of magic regeneration
 t - a ring of positive energy (left hand)
 B - an amulet of regeneration (around neck)
 E - a ring of poison resistance
 G - a ring of ice
Wands
 s - a wand of polymorph (13)
 C - a wand of flame (8)
 D - a wand of roots (7)
 S - a wand of light (3)
 T - a wand of mindburst (24)
Scrolls
 e - 2 scrolls of enchant weapon
 p - 4 scrolls of teleportation
 u - 5 scrolls of brand weapon
 y - 3 scrolls of enchant armour
 I - 2 scrolls of amnesia
 L - a scroll of immolation
 P - 3 scrolls of poison
 X - a scroll of butterflies
 Y - a scroll of fog
Potions
 b - 3 potions of lignification {unknown}
 c - 2 potions of ambrosia
 h - a potion of cancellation {unknown}
 i - 4 potions of mutation {unknown}
 o - 2 potions of brilliance {unknown}
 v - 3 potions of flight {unknown}
 x - a potion of resistance
 H - a potion of haste {unknown}
 K - 4 potions of heal wounds
 O - a potion of invisibility {unknown}
 Q - 2 potions of degeneration {unknown}
 R - 8 potions of curing {unknown}
Miscellaneous
 j - a lightning rod (4/4)
 V - a box of beasts


   Skills:
 + Level 8.9 Fighting
 - Level 9.5(9.6) Short Blades
 - Level 1.7(6.2) Long Blades
 * Level 2.0 Polearms
 + Level 1.2 Throwing
 + Level 9.5 Armour
 + Level 6.5 Dodging
 + Level 6.4 Shields
 + Level 1.1 Evocations


You had 10 spell levels left.
You didn't know any spells.
Your spell library contained the following spells:

 Spells                   Type           Power      Damage    Failure   Level
 Necrotise                Necr           0%         1d4       36%         1
 Dazzling Flash           Conj/Hex       0%         N/A       75%         3
 Frozen Ramparts          Ice            0%         1d1       75%         3
 Summon Guardian Golem    Hex/Summ       0%         N/A       75%         3
 Vampiric Draining        Necr           0%         2d6       75%         3
 Ice Form                 Ice/Tmut       0%         N/A       98%         4
 Summon Ice Beast         Ice/Summ       0%         N/A       98%         4
 Agony                    Necr           0%         N/A       100%        5
 Silence                  Hex/Air        0%         N/A       100%        5
 Orb of Destruction       Conj           0%         9d5       100%        7
 Spellforged Servitor     Conj/Summ      0%         N/A       100%        7


Dungeon Overview and Level Annotations

Branches:
Dungeon (10/15)            Temple (0/1) D:7            Lair (3/5) D:9
 Shoals (0/4) Lair:2      Gauntlet (visited)
  Snake: Lair:2-3    Spider: Lair:2-3       Orc: D:9-12

Altars:
Gozag
Kikubaaqudgha
Makhleb
Nemelex Xobeh
Okawaru
Qazlal
Ru
Sif Muna
Trog
Uskayaw
Wu Jian
Xom
Yredelemnul

Annotations:
D:5 1 runed translucent door, Crazy Yiuf
D:8 1 runed translucent door
Lair:1 2 transporters


Innate Abilities, Weirdness & Mutations

You have a pair of small horns on your head.
You sometimes gain power by taking damage.
You have an extremely huge brain. (Int +4)
A meltable shield of frost defends you. (SH +4)


Message History

The skyshark tail-slaps you but does no damage.
You slice the skyshark!!
The skyshark is heavily wounded.
The skyshark closely misses you.
The skyshark tail-slaps you but does no damage.
The skyshark misses you.
You barely miss the skyshark.
You headbutt the skyshark, but do no damage.
The skyshark is heavily wounded.
The skyshark closely misses you. You block the skyshark's attack.
The skyshark tail-slaps you.
You slash the skyshark! You headbutt the skyshark.
The skyshark is severely wounded.
The skyshark bites you!
The skyshark enters a blood-rage!
The skyshark tail-slaps you! The skyshark tail-slaps you.
You puncture the skyshark!
The skyshark is almost dead.
The skyshark bites you!! The skyshark tail-slaps you.
The skyshark tail-slaps you but does no damage.
The skyshark closely misses you. The skyshark barely misses you.
The skyshark tail-slaps you.
* * * LOW HITPOINT WARNING * * *
You are too injured to fight recklessly!
You are too injured to fight recklessly!
You completely miss the skyshark. You headbutt the skyshark.
The skyshark is almost dead.
The skyshark misses you. You block the skyshark's attack.
The skyshark barely misses you.
You hit the skyshark. Your headbutt misses the skyshark.
The skyshark is almost dead.
The skyshark closely misses you. The skyshark completely misses you.
You block the skyshark's attack.
You hit the skyshark. You headbutt the skyshark.
The skyshark is almost dead.
The skyshark closely misses you. The skyshark tail-slaps you.
* * * LOW HITPOINT WARNING * * *
The skyshark tail-slaps you!
* * * LOW HITPOINT WARNING * * *
The skyshark bites you!!
You die...

.....###....##### #...........##
..######....# ###............#
.## #....P# #....#.....#...# .###
#P...## ##...##..⌠.###... ...#
#....# #....##....##.... ..##
##...### #...###.....###..
..######.....# #>.⌠# #..<..###⌠.
......##..#### ##l○.###......##..
............# #@#..#.#....####..
..#.........# ###...###.⌠..##...
...###.)....####.##....#...##.)..
.### ####......#.###....^......##
.#### ###.......## #..........#.#
..#.###..........# ##........####
................## ####.....# #
..............##.## #.⌠.### ##
P#.##.##....P.....# #+.+## #.


You could see a skyshark (berserk).

Vanquished Creatures
  A minotaur (Gauntlet)
  A sixfirhy (Gauntlet)
  A wizard (D:10)
  2 ugly things (Gauntlet)
  A black mamba (Lair:1)
  A manticore (D:10)
  6 cane toads
  Maggie (Lair:2)
  4 komodo dragons
  Grinder (D:4)
  5 wyverns
  A wraith (D:9)
  A basilisk (Lair:2)
  20 yaks
  2 steam dragons
  5 water moccasins
  A hell hound (Gauntlet)
  An orc warrior (D:7)
  3 ice beasts
  3 sky beasts
  2 ogres
  2 centaurs (D:9)
  10 bullfrogs
  2 kobold brigands
  A gnoll sergeant (D:8)
  3 killer bees (D:8)
  An electric eel (D:8)
  2 howler monkeys (D:7)
  2 jellies
  2 hounds
  3 orc priests
  Jessica (D:2)
  2 iguanas
  A sleepcap (D:5)
  6 orc wizards
  Robin (D:1)
  4 gnolls (D:8)
  8 adders
  A shadow imp (D:7)
  A white imp (D:5)
  2 ufetubi (Gauntlet)
  3 worms
  5 dart slugs
  32 orcs
  7 endoplasms
  2 giant cockroaches
  7 hobgoblins
  2 jackals (D:5)
  8 quokkas
  7 ball pythons
  A bat (D:3)
  7 frilled lizards
  16 goblins
  A goblin zombie (D:8)
  13 kobolds
  5 rats
234 creatures vanquished.

Notes
Turn   | Place    | Note
-------+----------+-------------------------------------------
     0 | D:1      | jimonade the Demonspawn Monk began the quest for the Orb.
     0 | D:1      | Reached XP level 1. HP: 18/18 MP: 1/1
   260 | D:1      | Gained mutation: You have an unusually large brain. (Int
                  | +2) [demonic ancestry]
   260 | D:1      | Reached XP level 2. HP: 15/24 MP: 2/2
  1183 | D:2      | Gained mutation: You have a pair of small horns on your
                  | head. [demonic ancestry]
  1183 | D:2      | Reached XP level 3. HP: 29/29 MP: 3/3
  1347 | D:2      | Noticed Jessica
  1355 | D:2      | Killed Jessica
  1413 | D:2      | Gained mutation: A meltable shield of frost defends you.
                  | (SH +4) [demonic ancestry]
  1413 | D:2      | Reached XP level 4. HP: 28/36 MP: 4/4
  1648 | D:2      | Noticed Robin
  1686 | D:1      | Killed Robin
  1863 | D:2      | Found a sparkling altar of Nemelex Xobeh.
  2048 | D:3      | Found a sparkling altar of Nemelex Xobeh.
  2325 | D:3      | Found a hide-covered altar of Uskayaw.
  2367 | D:3      | Gained mutation: You sometimes gain a little power by
                  | taking damage. [demonic ancestry]
  2367 | D:3      | Reached XP level 5. HP: 41/42 MP: 5/5
  2457 | D:3      | Reached skill level 1 in Armour
  2697 | D:3      | Found an opulent altar of Gozag.
  2917 | D:4      | Noticed Grinder
  3246 | D:4      | Found an ornate altar of the Wu Jian Council.
  3615 | D:4      | Reached XP level 6. HP: 41/48 MP: 6/6
  3670 | D:4      | Killed Grinder
  3671 | D:4      | Reached skill level 1 in Shields
  3806 | D:5      | Entered Level 5 of the Dungeon
  3864 | D:4      | Reached XP level 7. HP: 55/55 MP: 7/7
  4021 | D:5      | Reached skill level 5 in Short Blades
  4449 | D:5      | Found a runed translucent door.
  4450 | D:5      | Noticed Crazy Yiuf
  4551 | D:5      | Found a stormy altar of Qazlal.
  4737 | D:5      | Became a worshipper of Qazlal Stormbringer
  4737 | D:5      | Reached * piety under Qazlal
  4737 | D:5      | Reached ** piety under Qazlal
  4880 | D:6      | Reached skill level 5 in Fighting
  5087 | D:6      | Gained mutation: You have an extremely huge brain. (Int +4)
                  | [demonic ancestry]
  5087 | D:6      | Reached XP level 8. HP: 57/62 MP: 8/8
  5289 | D:6      | Found a burning altar of Makhleb.
  5289 | D:6      | Noticed a blizzard demon
  5418 | D:7      | Found a sacrificial altar of Ru.
  5532 | D:7      | Found a staircase to the Ecumenical Temple.
  5852 | D:7      | Reached skill level 5 in Dodging
  5915 | D:7      | Reached skill level 5 in Armour
  5915 | D:7      | Reached XP level 9. HP: 14/69 MP: 9/9
  5985 | D:7      | Found a shimmering blue altar of Sif Muna.
  6885 | D:8      | Found a runed translucent door.
  6888 | D:8      | Found a basalt altar of Yredelemnul.
  6995 | D:8      | Reached XP level 10. HP: 73/77 MP: 10/10
  7135 | D:8      | Reached *** piety under Qazlal
  7154 | D:8      | Found a shimmering altar of Xom.
  7253 | D:8      | Found an iron altar of Okawaru.
  8128 | D:9      | Reached skill level 5 in Shields
  8129 | D:9      | Found a staircase to the Lair.
  8462 | D:9      | Found a bloodstained altar of Trog.
  8464 | D:9      | Found an ancient bone altar of Kikubaaqudgha.
  8776 | D:9      | Identified a scroll of acquirement
  8776 | D:9      | Acquired a +2 rapier of flaming
  9387 | D:10     | Entered Level 10 of the Dungeon
  9389 | D:10     | Noticed a salamander
  9389 | D:10     | Noticed an orc knight
  9471 | D:10     | Noticed a manticore
  9477 | D:10     | Noticed a wizard
  9490 | D:10     | Killed a manticore
  9495 | D:10     | Killed a wizard
  9496 | D:10     | Reached skill level 1 in Long Blades
  9720 | Lair:1   | Entered Level 1 of the Lair of Beasts
  9721 | Lair:1   | Noticed a cane toad
  9732 | Lair:1   | Killed a cane toad
 10102 | Lair:1   | Found a transporter.
 10104 | Lair:1   | Noticed a cane toad
 10122 | Lair:1   | Killed a cane toad
 10127 | Lair:1   | Found a transporter.
 10177 | Lair:1   | Reached skill level 1 in Throwing
 10177 | Lair:1   | Gained mutation: You sometimes gain power by taking damage.
                  | [demonic ancestry]
 10177 | Lair:1   | Reached XP level 11. HP: 52/86 MP: 11/11
 10284 | Lair:1   | Noticed a fire crab
 10742 | Lair:2   | Noticed Maggie
 10751 | Lair:2   | Killed Maggie
 10801 | Lair:2   | Found a dark tunnel.
 10954 | Lair:2   | Reached **** piety under Qazlal
 11015 | Lair:2   | Found a gate leading to a gauntlet.
 11025 | Gauntlet | Entered a Gauntlet
 11025 | Gauntlet | Found a transporter.
 11025 | Gauntlet | Found a transporter.
 11026 | Gauntlet | Noticed a sixfirhy
 11029 | Gauntlet | Found a transporter.
 11029 | Gauntlet | Found a transporter.
 11032 | Gauntlet | Noticed a sixfirhy
 11035 | Gauntlet | Noticed a sixfirhy
 11038 | Gauntlet | Found a transporter.
 11039 | Gauntlet | Noticed a hell beast
 11051 | Gauntlet | Noticed a sixfirhy
 11053 | Gauntlet | Found a transporter.
 11053 | Gauntlet | Found the +2 cloak of the Thief {*Fog Slay-2 SInv Stlth+}
 11059 | Gauntlet | Found a large runed translucent door.
 11060 | Gauntlet | Found a large runed translucent door.
 11060 | Gauntlet | Noticed a purple ugly thing
 11060 | Gauntlet | Noticed a death scarab
 11061 | Gauntlet | Noticed a cyan ugly thing
 11062 | Gauntlet | Found a runed translucent gate.
 11063 | Gauntlet | Found a transporter.
 11063 | Gauntlet | Noticed a death scarab
 11063 | Gauntlet | Noticed a glowing orange brain
 11063 | Gauntlet | Noticed a glowing orange brain
 11064 | Gauntlet | Found a transporter.
 11066 | Gauntlet | Found a transporter.
 11070 | Gauntlet | Found a runed translucent gate.
 11070 | Gauntlet | Found a runed translucent gate.
 11072 | Gauntlet | Found a large runed translucent door.
 11072 | Gauntlet | Found a transporter.
 11072 | Gauntlet | Found a large runed translucent door.
 11073 | Gauntlet | Found a large runed translucent door.
 11074 | Gauntlet | Found a large runed translucent door.
 11074 | Gauntlet | Found a large runed translucent door.
 11074 | Gauntlet | Found a runed translucent door.
 11074 | Gauntlet | Found a runed translucent door.
 11075 | Gauntlet | Found a large runed translucent door.
 11076 | Gauntlet | Found a large runed translucent door.
 11078 | Gauntlet | Found a transporter.
 11083 | Gauntlet | Found a large runed translucent door.
 11084 | Gauntlet | Found a large runed translucent door.
 11085 | Gauntlet | Found a large runed translucent door.
 11148 | Gauntlet | Found a transporter.
 11157 | Gauntlet | Found a transporter.
 11165 | Gauntlet | Noticed a reaper
 11175 | Gauntlet | Found a transporter.
 11190 | Gauntlet | Found a large runed translucent door.
 11190 | Gauntlet | Found a large runed translucent door.
 11191 | Gauntlet | Found a large runed translucent door.
 11192 | Gauntlet | Found a large runed translucent door.
 11277 | Gauntlet | Found a transporter.
 11291 | Gauntlet | Found a transporter.
 11408 | Gauntlet | Killed a sixfirhy
 11547 | Gauntlet | Acquired a manual of Armour
 11676 | Gauntlet | Noticed a tengu warrior
 11683 | Gauntlet | Killed a red ugly thing
 11684 | Gauntlet | Killed a cyan ugly thing
 11766 | Gauntlet | Identified the +11 halberd "Hydrabane" {speed, rN+ Str+5
                  | Dex+3}
 11766 | Gauntlet | Noticed a minotaur
 11777 | Gauntlet | Killed a minotaur
 11781 | Gauntlet | Identified the staff of conjuration "Muedghycy" {Fly rElec
                  | Str-5}
 11851 | Lair:2   | Found a staircase to the Shoals.
 12794 | Lair:3   | Noticed a fire crab
 12805 | Lair:2   | Reached skill level 1 in Evocations
 12839 | Lair:3   | Noticed a skyshark
 12844 | Lair:2   | Reached skill level 1 in Polearms
 12941 | Lair:2   | Mangled by a skyshark

Illustrated notes

Levels and vault maps discovered:
D:1:      dpeg_arrival_round_c, layout_basic
D:2:      layout_loops_ring, basic_altar, uniq_jessica, uniq_robin
D:3:      layout_basic, old_standard_altar,
          nicolae_gozag_cash_rules_everything_around_me,
          eat_drink_and_be_merry_uskayaw
D:4:      layout_rooms, nzn_wu_jian_council_hall, nrook_campfire, uniq_grinder
D:5:      layout_loops_ring, kennysheep_mini_moat, serial_bayou,
          serial_bayou_ford_a, serial_bayou_pond_e, serial_bayou_pond_c,
          serial_bayou_lagoon_a, uniq_crazy_yiuf_cottage
D:6:      layout_rooms, makhleb_altar_promises_db
D:7:      layout_gridville, mainiacjoe_overflow_paths,
          mainiacjoe_overflow_cross_hatched, minmay_temple_entry_grid
D:8:      layout_basic, dk_yredelemnul_ordeal, mainiacjoe_overflow_boulevard,
          tgw_xom, kennysheep_generic_room_4
D:9:      layout_basic, minitemple, dpeg_oklobed_lair
D:10:     minmay_the_grid_4x2 [minmay_the_grid_dragon_b,
          minmay_the_grid_all_tris, minmay_the_grid_slots,
          minmay_the_grid_minigrid_medium, minmay_the_grid_empty,
          minmay_the_grid_minigrid_small, minmay_the_grid_empty,
          minmay_the_grid_prize_shrinking_boxes], layout_irregular_city,
          minmay_gold_behind_fungi
Lair:1:   gammafunk_cloud_chamber, layout_regular_city, lemuel_old_faithful,
          infiniplex_staircase_pool_2
Lair:2:   layout_layer_cave, shoals_dummy_entry,
          nicolae_volcano_entry_lava_flow, gauntlet_entry_generic,
          serial_bayou_pond_e, grunt_megastairs_5, uniq_maggie
Lair:3:   layout_loops_ring, minmay_snake_entry_guardpost_medium

Skill      XL: |  1  2  3  4  5  6  7  8  9 10 11 |
---------------+----------------------------------+-----
Short Blades   | 3 4 5 6 7 8 9 |  9.5
Dodging        | 3 4 5 6 |  6.5
Fighting       | 4 5 6 7 8 |  8.9
Armour         | 1 2 3 5 6 8 9 |  9.5
Shields        | 1 2 3 4 5 6 |  6.4
Long Blades    | 1 |  1.7
Throwing       | 1 |  1.2
Evocations     | 1 |  1.1
Polearms       | 2 |  2.0

Action                     |  1- 3 |  4- 6 |  7- 9 | 10-12 || total
---------------------------+-------+-------+-------+-------++-------
  Melee: Short sword       |   145 |   194 |       |       ||   339
         Headbutt          |     6 |    66 |   130 |   171 ||   373
         Dagger            |       |    53 |   429 |   260 ||   742
         Rapier            |       |       |       |   182 ||   182
         Falchion          |       |       |       |    15 ||    15
         Halberd           |       |       |       |    39 ||    39
  Throw: Dart              |       |       |       |     6 ||     6
         Throwing net      |       |       |       |     2 ||     2
  Evoke: Wand              |       |       |       |     5 ||     5
    Use: Scroll            |       |       |       |    16 ||    16
   Stab: Sleeping          |     1 |       |       |       ||     1
         Held in net/web   |       |       |       |     1 ||     1
 Armour: Robe              |    10 |       |       |       ||    10
         Leather armour    |     5 |     2 |       |       ||     7
         Ring mail         |       |    62 |    62 |    28 ||   152
         Chain mail        |       |       |       |   141 ||   141
  Dodge: Dodged            |    62 |    95 |   159 |   160 ||   476
  Block: Orb               |       |    32 |    82 |   114 ||   228
         Other             |       |       |       |    13 ||    13
